 Dungeon Crawl Stone Soup version 0.27-a0-1193-g8631133539 (webtiles) character file.

Game seed: 6237742889500630153

87780 celly00 the Zephyrmancer (level 15, 0/92 HPs)
             Began as a Tengu Hedge Wizard on May 25, 2021.
             Was an Initiate of Gozag.
             Slain by a merfolk impaler
             ... wielding a +0 trident
              (18 damage)
             ... on level 2 of the Shoals.
             The game lasted 01:24:46 (40100 turns).

celly00 the Zephyrmancer (Tengu Hedge Wizard)      Turns: 40100, Time: 01:24:48

Health: 0/92       AC: 19    Str: 11    XL:     15   Next: 91%
Magic:  18/41      EV: 17    Int: 20    God:    Gozag
Gold:   4193       SH:  5    Dex: 14    Spells: 11/38 levels left

rFire    + . .     SeeInvis .   v - staff of air
rCold    . . .     Faith    .   I - +0 buckler
rNeg     . . .     Spirit   .   k - +4 ring mail {rF+}
rPois    .         Reflect  .   c - +1 hat
rElec    +         Harm     .   S - +2 cloak
rCorr    .         Rampage  .   b - +2 pair of gloves
Will     ++...                  (boots unavailable)
Stlth    +.........             F - amulet of magic regeneration
HPRegen  0.25/turn              Z - ring of willpower
MPRegen  0.52/turn              L - ring of magical power

@: gold aura, flying quickly and evasively, very slightly contaminated, quick
A: beak, talons 3, nimble flight
a: Renounce Religion, Potion Petition, Call Merchant, Bribe Branch


You were on level 2 of the Shoals.
You worshipped Gozag.
Gozag was most pleased with you.
You visited 5 branches of the dungeon, and saw 23 of its levels.
You also visited: Sewer and Volcano.

You collected 7382 gold pieces.
You spent 1353 gold pieces at shops.
You paid 1836 gold pieces to Gozag.

Inventory:

Missiles
 f - 10 curare-tipped darts
 m - 26 poisoned darts
 o - 8 silver boomerangs
 r - 57 boomerangs
 s - 123 stones
 Q - 6 boomerangs of dispersal
Armour
 b - a +2 pair of gloves (worn)
 c - a +1 hat (worn)
 k - a +4 ring mail of fire resistance (worn)
 I - a +0 buckler (worn)
 O - a +0 leather armour of fire resistance
 S - a +2 cloak (worn)
 X - the +6 scale mail "Quod" {rElec Int+3}
   (You found it on level 11 of the Dungeon)

   It affects your intelligence (+3).
   It insulates you from electricity.
Magical Staves
 v - a staff of air (weapon)
Jewellery
 g - a ring of fire
 n - a ring of positive energy
 t - a ring of protection from cold
 D - the ring of Sacar {Ice rElec rN++ Int+4}
   (You found it on level 11 of the Dungeon)

   [ring of ice]

   It enhances your ice magic.
   It affects your intelligence (+4).
   It makes you vulnerable to fire.
   It protects you from cold.
   It insulates you from electricity.
   It greatly protects you from negative energy.
 F - an amulet of magic regeneration (around neck)
 L - a ring of magical power (right hand)
 Z - a ring of willpower (left hand)
Wands
 d - a wand of digging (12)
 h - a wand of acid (9)
 i - a wand of iceblast (8)
 j - a wand of polymorph (20)
 p - a wand of paralysis (22)
 q - a wand of flame (96)
 y - a wand of mindburst (3)
Scrolls
 a - 4 scrolls of amnesia
 e - a scroll of brand weapon
 z - 2 scrolls of enchant weapon
 E - a scroll of fear
 K - 2 scrolls of immolation
 V - 2 scrolls of vulnerability
 W - 2 scrolls of enchant armour
 Y - 19 scrolls of teleportation {@r3}
Potions
 l - a potion of magic {unknown}
 A - 3 potions of attraction
 B - 5 potions of brilliance
 C - 2 potions of cancellation
 H - 3 potions of haste {@q3}
 J - a potion of curing {@q1}
 M - 4 potions of might
 P - 2 potions of lignification
 R - 2 potions of resistance
 T - 2 potions of berserk rage {!q}
 U - a potion of mutation
Miscellaneous
 w - a phial of floods


   Skills:
 - Level 10.0 Fighting
 - Level 10.0 Armour
 - Level 10.0 Dodging
 - Level 2.0 Stealth
 - Level 4.0 Shields
 - Level 12.0 Spellcasting
 - Level 12.0 Conjurations
 - Level 5.0 Summonings
 - Level 3.0 Translocations
 - Level 7.0 Ice Magic
 + Level 14.1 Air Magic
 - Level 2.0 Poison Magic
 - Level 8.0 Evocations


You had 11 spell levels left.
You knew the following spells:

 Your Spells              Type           Power      Damage    Failure   Level
a - Apportation           Tloc           48%        N/A       3%          1
b - Lightning Bolt        Conj/Air       38%        1d57      1%          5
d - Mephitic Cloud        Conj/Pois/Air  65%        N/A       1%          3
e - Airstrike             Air            40%        N/A       1%          4
f - Freezing Cloud        Conj/Ice/Air   35%        6-21      19%         6
l - Summon Lightning Spi  Summ/Air       66%        N/A       2%          4
p - Poisonous Vapours     Pois/Air       100%       N/A       1%          2
B - Blink                 Tloc           N/A        N/A       4%          2

Your spell library contained the following spells:

 Spells                   Type           Power      Damage    Failure   Level
 Foxfire                  Conj/Fire      100%       2x1d9     1%          1
 Freeze                   Ice            100%       1d11      1%          1
 Magic Dart               Conj           100%       1d8       1%          1
 Shock                    Conj/Air       100%       1d9       1%          1
 Summon Small Mammal      Summ           100%       N/A       1%          1
 Static Discharge         Conj/Air       77%        N/A       1%          2
 Frozen Ramparts          Ice            80%        1d10      1%          3
 Ozocubu's Armour         Ice            40%        N/A       1%          3
 Swiftness                Air            80%        N/A       1%          3
 Call Imp                 Summ           32%        N/A       2%          2
 Conjure Flame            Conj/Fire      36%        6-21      2%          3
 Stone Arrow              Conj/Erth      72%        3d11      2%          3
 Hailstorm                Conj/Ice       50%        3d11      2%          4
 Call Canine Familiar     Summ           32%        N/A       4%          3
 Summon Ice Beast         Ice/Summ       36%        N/A       10%         4
 Animate Skeleton         Necr           24%        N/A       11%         1
 Corona                   Hex            13%        N/A       11%         1
 Sandblast                Erth           24%        2d8       11%         1
 Summon Guardian Golem    Hex/Summ       22%        N/A       12%         3
 Passwall                 Tmut/Erth      10%        N/A       17%         2
 Slow                     Hex            12%        N/A       17%         2
 Ignite Poison            Fire/Tmut/Pois 14%        N/A       26%         3
 Ice Form                 Ice/Tmut       26%        N/A       26%         4
 Fireball                 Conj/Fire      18%        3d9       26%         5
 Inner Flame              Hex/Fire       12%        N/A       32%         3
 Summon Forest            Summ/Tloc      14%        N/A       52%         5
 Metabolic Englaciation   Hex/Ice        13%        N/A       58%         5
 Petrify                  Tmut/Erth      12%        N/A       73%         4
 Summon Mana Viper        Hex/Summ       22%        N/A       73%         5
 Starburst                Conj/Fire      18%        8x6d7     82%         6
 Shadow Creatures         Summ           N/A        N/A       91%         6
 Lee's Rapid Deconstruct  Erth           6%         3d7*      97%         5
 Ozocubu's Refrigeration  Ice            20%        4d9       99%         7
 Summon Hydra             Summ           16%        N/A       100%        7
 Borgnjor's Revivificati  Necr           6%         N/A       100%        8
 Ignition                 Fire           6%         3d4       100%        8
 Infestation              Necr           6%         N/A       100%        8
 Necromutation            Tmut/Necr      6%         N/A       100%        8
 Death's Door             Necr           6%         N/A       100%        9


Dungeon Overview and Level Annotations

Branches:
Dungeon (12/15)            Temple (1/1) D:5            Lair (6/6) D:9
 Shoals (2/4) Lair:4       Spider (0/4) Lair:2        Slime (0/5) Lair:5
    Orc (2/2) D:12            Elf (0/3) Orc:2         Sewer (visited)
Volcano (visited)

Altars:
Ashenzari
Cheibriados
Dithmenos
Elyvilon
Fedhas
Gozag
Hepliaklqana
Kikubaaqudgha
Makhleb
Nemelex Xobeh
Okawaru
Qazlal
Ru
Sif Muna
Trog
Uskayaw
Vehumet
Wu Jian
Xom
Yredelemnul
Zin
The Shining One
Jiyva

Shops:
D:7 [   Orc:1 *::   Orc:2 ([*:

Annotations:
D:6 3 runed translucent doors, confidenceinterval's ghost, novice DsIE; grizmgrazm2's ghost, novice TrWr; miami27's ghost, novice DjAE
D:8 2 transporters, martbhell's ghost, novice MiBe
Lair:5 1 runed translucent door
Shoals:2 Ilsuiw


Innate Abilities, Weirdness & Mutations

You have a beak for a mouth.
You have claws for feet.
Your magical nature lets you fly swiftly and evasively.


Message History

Casting: Airstrike (safe; 1% risk of failure)
Confirm with . or Enter, or press ? or * to list all spells.
Aiming: Lightning Bolt (dangerous; 1% risk of failure)
Press: ? - help, Shift-Dir - straight line, f/p - merfolk impaler
Aim: a merfolk impaler, wielding a +0 trident and wearing a +0 robe (lightly wounded, 34% to hit)
You feel a surge of power!
You hear a mighty clap of thunder!
The bolt of lightning hits the merfolk impaler!!!
The merfolk impaler is severely wounded.
You hear a shout! x4
The merfolk impaler hits you from afar with a +0 trident!
* * * LOW HITPOINT WARNING * * *
Your lightning spire shoots out a bolt of lightning at the merfolk!
The bolt of electricity hits the merfolk!!
The merfolk barely misses your lightning spire.
Casting: Lightning Bolt (dangerous; 1% risk of failure)
Confirm with . or Enter, or press ? or * to list all spells.
Aiming: Lightning Bolt (dangerous; 1% risk of failure)
Press: ? - help, Shift-Dir - straight line, f/p - merfolk impaler
Aim: a merfolk impaler, wielding a +0 trident and wearing a +0 robe (severely wounded, 34% to hit)
You feel a surge of power!
You hear a mighty clap of thunder!
The bolt of lightning misses the merfolk impaler.
Your lightning spire shoots out a bolt of lightning at the merfolk!
The bolt of electricity hits the merfolk!!
The merfolk dies!
A merfolk comes into view. It is wielding a +0 trident.
The merfolk impaler hits you from afar with a +0 trident!
* * * LOW HITPOINT WARNING * * *
Casting: Lightning Bolt (dangerous; 1% risk of failure)
Confirm with . or Enter, or press ? or * to list all spells.
Aiming: Airstrike (safe; 1% risk of failure)
Press: ? - help, Dir - move target, f/p - merfolk impaler
Aim: a merfolk impaler, wielding a +0 trident and wearing a +0 robe (severely wounded)
You feel a surge of power!
The air twists around and strikes the merfolk impaler!
The merfolk impaler is almost dead.
The merfolk impaler hits you from afar with a +0 trident!!
You die...
Your body crumbles into a pile of gold.

≈≈≈≈.≈≈ ≈
....≈. ..
≈. ...m.
$ .≈ ≈..
#≈≈.# ≈≈
≈.≈.#.#$#
≈≈
#$$..$#
≈≈
#.≈$$8#
≈≈
#.≈##<#
≈≈
##.m.@#
≈≈ #.#.##
≈≈ # ##
≈≈ ≈≈ ≈≈
≈≈ .( ..


You could see a merfolk impaler (ally target), a merfolk and a friendly
lightning spire (summoned).

Vanquished Creatures
  Nikola (Shoals:1)
  An orc warlord (Orc:2)
  Josephine (Shoals:1)
  Fannar (Lair:2)
  A merfolk impaler (Shoals:1)
  The ghost of Delamore the Basher, a journeyman GrMo of Okawaru (Lair:2)
  4 hydras
  5 two-headed ogres
  A merfolk avatar (Shoals:1)
  16 death yaks
  An orc high priest (Orc:2)
  A fire crab (Shoals:1)
  A hell knight (Volcano)
  2 sea snakes
  Pikel (D:6)
  A deep elf pyromancer (D:12)
  3 manticores
  A faun (Shoals:1)
  2 orc sorcerers (Orc:2)
  12 elephants
  4 merfolk sirens
  4 water nymphs (Shoals:1)
  4 black mambas
  A torpor snail (Lair:5)
  19 cane toads
  A kobold demonologist (D:12)
  Psyche (D:12)
  3 rime drakes
  6 komodo dragons
  8 merfolk (Shoals:1)
  2 polar bears (Lair:3)
  3 tyrant leeches (Lair:6)
  2 wind drakes
  A hornet (D:9)
  6 dream sheep
  A snapping turtle (Shoals:1)
  29 blink frogs
  A water elemental (Shoals:1)
  2 wyverns
  A fire bat (Shoals:1)
  2 wraiths (Shoals:1)
  31 yaks
  5 basilisks
  Eustachio (D:5)
  6 vampire mosquitoes
  Menkaure (D:6)
  An acid dragon (D:12)
  Edmund (D:4)
  9 water moccasins
  Duvessa (D:5)
  2 hell hounds (Volcano)
  15 orc warriors
  15 wolves
  A necrophage (D:4)
  4 ogres
  5 centaurs
  2 kobold brigands (D:8)
  Blork the orc (D:5)
  25 bullfrogs
  A gnoll sergeant (D:12)
  3 scorpions
  Dowan (D:5)
  51 killer bees
  5 howler monkeys (D:9)
  An electric eel (Lair:6)
  2 centaur zombies
  A jelly (D:6)
  4 hounds (D:6)
  14 orc priests
  6 iguanas
  17 orc wizards
  2 killer bee zombies
  A hound skeleton (D:4)
  9 adders
  10 gnolls
  A river rat (D:5)
  An ufetubus (D:6)
  A worm (D:2)
  51 orcs
  10 ball pythons
  5 bats
  9 endoplasms
  6 giant cockroaches
  5 goblins
  5 hobgoblins
  16 kobolds
  4 quokkas
  14 frilled lizards
  6 rats
  2 tentacles (Shoals:1)
548 creatures vanquished.

Vanquished Creatures (collateral kills)
  Gastronok (Lair:2)
  3 hydras
  2 death yaks
  2 orc high priests (Orc:2)
  A fire crab (Shoals:1)
  A sea snake (Shoals:1)
  3 orc knights (Orc:2)
  2 deep elf pyromancers (D:12)
  3 orc sorcerers (Orc:2)
  3 manticores
  4 fauns (Shoals:1)
  An ugly thing (Volcano)
  A cyclops (Orc:2)
  A centaur zombie (D:11)
  A black mamba (Lair:6)
  4 elephants
  2 merfolk sirens
  A smoke demon (Volcano)
  2 cane toads (Lair:6)
  Maggie (Lair:2)
  A komodo dragon (Lair:4)
  A tyrant leech (Lair:6)
  6 merfolk
  3 trolls
  A snapping turtle (Shoals:1)
  10 dream sheep
  11 blink frogs
  Sigmund (D:4)
  8 yaks
  2 wraiths (Shoals:1)
  A fire bat (Shoals:1)
  A wyvern (D:9)
  2 vampire mosquitoes
  2 wargs
  A water moccasin (D:5)
  An acid dragon (D:6)
  A hell hound (Volcano)
  13 orc warriors
  2 necrophages (D:4)
  2 ogres
  4 wolves (Lair:3)
  4 centaurs (D:11)
  A hornet zombie (D:7)
  2 gnoll sergeants
  3 bullfrogs
  A scorpion (D:5)
  2 killer bees (Lair:1)
  5 wights (D:9)
  A howler monkey (D:9)
  A gnoll shaman (D:9)
  10 orc priests
  A centaur skeleton (D:5)
  2 hounds
  7 orc wizards
  2 iguanas
  A howler monkey zombie (D:9)
  5 gnolls
  5 adders
  23 orcs
  2 giant cockroaches
  A hobgoblin (D:4)
  A quokka (Sewer)
  3 frilled lizards (Sewer)
196 creatures vanquished.

Vanquished Creatures (others)
  47 fungi
  136 plants
  9 tentacles (Shoals:1)
192 creatures vanquished.

Grand Total: 936 creatures vanquished

Notes
Turn   | Place    | Note
-------+----------+-------------------------------------------
     0 | D:1      | celly00 the Tengu Hedge Wizard began the quest for the Orb.
     0 | D:1      | Reached XP level 1. HP: 10/10 MP: 5/5
   276 | D:1      | Reached skill level 1 in Fighting
   276 | D:1      | Reached XP level 2. HP: 16/16 MP: 4/7
  1186 | D:2      | Learned a level 2 spell: Call Imp
  1189 | D:2      | Learned a level 2 spell: Blink
  1192 | D:2      | Learned a level 2 spell: Slow
  1225 | D:2      | Reached skill level 1 in Translocations
  1225 | D:2      | Reached XP level 3. HP: 21/21 MP: 4/8
  1904 | D:2      | Reached XP level 4. HP: 26/26 MP: 4/9
  3808 | D:4      | Gained mutation: Your magical nature lets you fly swiftly
                  | and evasively. [Tengu growth]
  3808 | D:4      | Reached XP level 5. HP: 31/31 MP: 3/10
  3913 | D:4      | Noticed a necrophage
  4508 | D:4      | Noticed Sigmund
  4607 | D:3      | Reached XP level 6. HP: 35/36 MP: 0/11
  4747 | D:4      | Killed a necrophage
  4798 | D:4      | Noticed Edmund
  4815 | D:4      | Killed Edmund
  4816 | D:4      | Reached skill level 5 in Conjurations
  5458 | D:2      | Reached XP level 7. HP: 30/42 MP: 0/12
  5981 | D:4      | Killed Sigmund
  6356 | D:4      | Found a stormy altar of Qazlal.
  6442 | D:5      | Entered Level 5 of the Dungeon
  6450 | D:5      | Noticed Eustachio
  6477 | D:5      | Killed Eustachio
  6507 | D:5      | Learned a level 3 spell: Mephitic Cloud
  6566 | D:5      | Found a staircase to the Ecumenical Temple.
  6572 | Temple   | Entered the Ecumenical Temple
  6829 | Temple   | Became a worshipper of Gozag Ym Sagoz the Greedy
  6881 | D:5      | Reached XP level 8. HP: 48/48 MP: 14/15
  7017 | D:5      | Found a shimmering blue altar of Sif Muna.
  7060 | D:5      | Found a glowing drain.
  7068 | Sewer    | Entered a sewer
  7446 | Sewer    | Reached skill level 5 in Spellcasting
  7877 | D:5      | HP: 2/48 [poisoned by a scorpion]
  8383 | D:5      | Learned a level 2 spell: Poisonous Vapours
  8391 | D:5      | Reached skill level 2 in Air Magic
  8546 | D:5      | Found a bloodstained altar of Trog.
  8551 | D:5      | Reached skill level 3 in Air Magic
  8585 | D:5      | Noticed Blork the orc
  8592 | D:5      | Killed Blork the orc
  8593 | D:5      | Reached skill level 4 in Air Magic
  8826 | D:5      | Noticed Duvessa
  8826 | D:5      | Noticed Dowan
  8847 | D:5      | Killed Dowan
  8848 | D:5      | Reached skill level 5 in Air Magic
  8941 | D:5      | Killed Duvessa
  9141 | D:5      | Found a bloodstained altar of Trog.
  9352 | D:5      | Reached XP level 9. HP: 52/52 MP: 19/19
  9396 | D:5      | Found a shimmering blue altar of Sif Muna.
  9437 | D:5      | Found a staircase to the Ecumenical Temple.
  9749 | D:6      | Reached skill level 5 in Dodging
  9851 | D:6      | Reached skill level 5 in Fighting
 10038 | D:6      | Noticed Pikel
 10073 | D:6      | Killed Pikel
 10321 | D:6      | Reached skill level 1 in Evocations
 10503 | D:6      | Noticed a two-headed ogre
 10548 | D:6      | Killed a two-headed ogre
 10549 | D:6      | Reached skill level 6 in Air Magic
 10556 | D:6      | Learned a level 6 spell: Freezing Cloud
 10567 | D:6      | Reached XP level 10. HP: 60/60 MP: 12/20
 10753 | D:6      | Found a radiant altar of Vehumet.
 10811 | D:6      | Found a runed translucent gate.
 10812 | D:6      | Found a runed translucent gate.
 10812 | D:6      | Noticed confidenceinterval's ghost (novice DsIE)
 10813 | D:6      | Found a runed translucent gate.
 10814 | D:6      | Noticed miami27's ghost (novice DjAE)
 10815 | D:6      | Noticed grizmgrazm2's ghost (novice TrWr)
 10837 | D:6      | Noticed Menkaure
 10850 | D:6      | Killed Menkaure
 10851 | D:6      | Reached skill level 1 in Ice Magic
 10851 | D:6      | Reached skill level 7 in Air Magic
 11420 | D:7      | Found Optaud's Antique Armour Emporium.
 11616 | D:7      | Found a burning altar of Makhleb.
 11925 | D:7      | Reached skill level 8 in Air Magic
 12681 | D:8      | Found a transporter.
 13409 | D:8      | Found a transporter.
 13410 | D:8      | Noticed martbhell's ghost (novice MiBe)
 13468 | D:8      | Found a blossoming altar of Fedhas.
 13678 | D:8      | Found a basalt altar of Yredelemnul.
 14442 | D:9      | Learned a level 4 spell: Summon Lightning Spire
 14526 | D:9      | Reached skill level 9 in Air Magic
 15730 | D:9      | Found a staircase to the Lair.
 16363 | D:10     | Entered Level 10 of the Dungeon
 16434 | D:10     | Reached XP level 11. HP: 55/64 MP: 19/22
 17465 | D:10     | Found an ancient bone altar of Kikubaaqudgha.
 17465 | D:10     | Found a hide-covered altar of Uskayaw.
 17556 | D:10     | Reached skill level 5 in Ice Magic
 18150 | D:11     | Noticed a manticore
 18156 | D:11     | Killed a manticore
 18157 | D:11     | Reached skill level 5 in Summonings
 18157 | D:11     | Reached skill level 10 in Air Magic
 18349 | D:11     | Noticed a two-headed ogre
 18367 | D:11     | Killed a two-headed ogre
 18627 | D:11     | Identified the ring of Sacar {Ice rElec rN++ Int+4}
 18932 | D:11     | Identified the +6 scale mail "Quod" {rElec Int+3}
 19305 | D:12     | Noticed a deep elf pyromancer
 19411 | D:12     | Noticed Psyche
 19423 | D:12     | Killed Psyche
 19479 | D:12     | Learned a level 1 spell: Apportation
 19500 | D:12     | Noticed a deep elf pyromancer
 19505 | D:12     | Killed a deep elf pyromancer
 19599 | D:12     | Found a staircase to the Orcish Mines.
 19618 | D:12     | Killed a deep elf pyromancer
 19619 | D:12     | Reached skill level 10 in Conjurations
 19682 | D:12     | Noticed an eight-headed hydra
 19777 | D:12     | Killed an eight-headed hydra
 19845 | D:12     | Noticed a two-headed ogre
 19863 | D:12     | Noticed a deep elf pyromancer
 20121 | D:12     | Killed a deep elf pyromancer
 20208 | D:12     | Killed a two-headed ogre
 20357 | D:12     | Noticed a two-headed ogre
 20367 | D:12     | Killed a two-headed ogre
 20412 | D:12     | Reached XP level 12. HP: 62/70 MP: 25/26
 20957 | Orc:1    | Entered Level 1 of the Orcish Mines
 21084 | Orc:1    | Found a dark tunnel.
 21094 | Volcano  | Entered a volcano
 21131 | Volcano  | Reached skill level 10 in Spellcasting
 21210 | Volcano  | Reached skill level 1 in Armour
 21340 | Volcano  | Noticed a hell knight
 21729 | Volcano  | Killed a hell knight
 22383 | Orc:1    | Found Afoiroim's Book Boutique.
 22387 | Orc:1    | Bought the Incunabulum of Scorching Cold for 595 gold
                  | pieces
 22395 | Orc:1    | Learned a level 7 spell: Ozocubu's Refrigeration
 22527 | Orc:2    | Entered Level 2 of the Orcish Mines
 22623 | Orc:2    | Noticed a two-headed ogre
 22631 | Orc:2    | Killed a two-headed ogre
 22722 | Orc:2    | Found a staircase to the Elven Halls.
 23196 | Orc:2    | Noticed an orc high priest
 23200 | Orc:2    | Killed an orc high priest
 24373 | Orc:2    | Noticed an orc warlord
 24388 | Orc:2    | Killed an orc warlord
 24516 | Orc:2    | Noticed an orc high priest
 24523 | Orc:2    | Killed an orc high priest
 24668 | Orc:2    | Reached skill level 10 in Fighting
 24790 | Orc:2    | Noticed an orc high priest
 24809 | Orc:2    | Killed an orc high priest
 25035 | Orc:2    | Reached skill level 11 in Air Magic
 25077 | Orc:2    | Found Niges's Antique Armour Emporium.
 25088 | Orc:2    | Reached XP level 13. HP: 82/82 MP: 26/28
 25114 | Orc:2    | Found Laoz's General Store.
 25114 | Orc:2    | Found Aneug's Book Emporium.
 25116 | Orc:2    | Found Moroiqett's Antique Weapon Shoppe.
 25120 | Orc:2    | Bought a glowing cloak for 142 gold pieces
 25143 | Orc:2    | Bought a +2 pair of gloves for 231 gold pieces
 25330 | Orc:1    | Bought a book of Air for 385 gold pieces
 25337 | Orc:1    | Learned a level 5 spell: Lightning Bolt
 25342 | Orc:1    | Learned a level 4 spell: Airstrike
 25471 | Lair:1   | Entered Level 1 of the Lair of Beasts
 25473 | Lair:1   | Reached skill level 1 in Shields
 26478 | Lair:1   | Reached skill level 12 in Air Magic
 27135 | Lair:1   | Found a hide-covered altar of Uskayaw.
 27475 | Lair:2   | Noticed Gastronok
 27567 | Lair:1   | Reached skill level 13 in Air Magic
 27929 | Lair:2   | Found a hole to the Spider Nest.
 27972 | Lair:2   | Noticed Fannar
 27996 | Lair:2   | Killed Gastronok
 28251 | Lair:2   | Killed Fannar
 28329 | Lair:2   | Noticed Maggie
 28334 | Lair:2   | Paralysed by Maggie for 4 turns
 28338 | Lair:2   | Killed Maggie
 28653 | Lair:2   | Found a runed translucent gate.
 28653 | Lair:2   | Found a runed translucent gate.
 28653 | Lair:2   | Noticed Delamore's ghost (journeyman GrMo)
 28654 | Lair:2   | Found a runed translucent gate.
 29350 | Lair:2   | Killed Delamore's ghost
 29750 | Lair:3   | Reached XP level 14. HP: 86/88 MP: 15/29
 30505 | Lair:3   | Identified the +3 long sword "Voraumos" {freeze, rElec rF+
                  | Will- Str+6}
 31525 | Lair:4   | Found a staircase to the Shoals.
 32874 | Lair:5   | Reached skill level 5 in Armour
 33072 | Lair:4   | Reached skill level 5 in Evocations
 33727 | Lair:5   | Found a runed translucent door.
 33727 | Lair:5   | Found a viscous altar of Jiyva.
 33732 | Lair:5   | Found a staircase to the Slime Pits.
 34152 | Lair:5   | Identified the +5 great sword "Acop" {vorpal, rPois rF+
                  | rC+}
 34429 | Lair:6   | Entered Level 6 of the Lair of Beasts
 34918 | Lair:6   | Reached XP level 15. HP: 92/92 MP: 21/32
 36891 | Lair:6   | Found the +3 robe of Clouds {+Thunder rCloud rElec}
 37189 | Shoals:1 | Entered Level 1 of the Shoals
 37892 | Shoals:1 | Noticed Nikola
 37893 | Shoals:1 | Reached skill level 10 in Dodging
 37988 | Shoals:1 | Killed Nikola
 38395 | Shoals:1 | Reached skill level 10 in Armour
 38937 | Shoals:1 | Noticed Josephine
 38940 | Shoals:1 | Killed Josephine
 39293 | Shoals:1 | Noticed a kraken
 39876 | Shoals:2 | Noticed Ilsuiw
 40000 | Shoals:2 | Reached skill level 14 in Air Magic
 40100 | Shoals:2 | Slain by a merfolk impaler

Illustrated notes

Levels and vault maps discovered:
D:1:      lemuel_arrival_cross, layout_rooms, serial_rivers,
          chequers_serial_rivers_small_b, chequers_serial_rivers_marsh,
          chequers_serial_rivers_marsh, chequers_serial_rivers_room_b,
          chequers_serial_rivers_small_b, chequers_serial_rivers_room_b
D:2:      layout_basic
D:3:      layout_rooms
D:4:      minmay_diamond_boxcup, layout_rooms, grunt_qazlal_clouds,
          serial_bayou_crossing, uniq_sigmund, uniq_edmund
D:5:      layout_loops_ring, lemuel_tele_altar, lemuel_doored_altar,
          minmay_temple_entry_statues_pillars, portal_sewer_entry_a,
          uniq_duvessa, uniq_eustachio, uniq_blork_the_orc
D:6:      layout_loops_ring, nicolae_overflow_hidden_temple,
          gammafunk_ghost_cemetery, minmay_misc_feat_chi, minmay_lizard_king,
          uniq_menkaure, uniq_pikel
D:7:      layout_gridville, lemuel_round_altar, serial_shops, shop_fountains
D:8:      layout_loops_corners, fedhas_bush_and_centaur_altar,
          old_standard_altar, gammafunk_ghost_mausoleum
D:9:      layout_stronghold, lair_entry_dummy
D:10:     layout_loops_ring, gammafunk_temple_overflow_statue,
          roderic_roman_lattice
D:11:     layout_basic
D:12:     layout_loops_ring, david_orc_3, solitary_fountain, uniq_psyche
Temple:   nicolae_temple_figure_eight
Lair:1:   wad_woods_minihive, layout_loops_ring, basic_altar, grunt_megastairs_4
Lair:2:   layout_gridlike, dummy_spider_entry, gammafunk_ghost_split,
          serial_bayou_shore_b, infiniplex_staircase_pool_2, grunt_megastairs_1,
          uniq_fannar, uniq_gastronok, uniq_maggie
Lair:3:   layout_chaotic_city, infiniplex_staircase_pool, grunt_megastairs_3
Lair:4:   layout_cave_pods, minmay_shoals_entry_beasts
Lair:5:   layout_layer_cave, slime_altar_2, patterned_corridor
Lair:6:   minmay_lair_end_frog_pond, layout_hall_layers, serial_bayou_shore_b
Shoals:1: layout_shoals, hangedman_shoal_volcano, uniq_josephine, uniq_nikola
Shoals:2: layout_shoals, nicolae_shoals_isolated_beach, uniq_polyphemus,
          uniq_ilsuiw, uniq_jorgrun
Orc:1:    layout_caves, nicolae_volcano_entry_two_sided, serial_shops,
          nicolae_shop_behind_doors
Orc:2:    st_orc_congregation, layout_caves

Skill      XL: |  1  2  3  4  5  6  7  8  9 10 11 12 13 14 15 |
---------------+----------------------------------------------+-----
Conjurations   | 2 3 4 5 6 7 10 11 12 | 12.0
Fighting       | 1 2 3 4 6 10 | 10.0
Translocations | 1 2 3 |  3.0
Summonings     | 2 3 5 |  5.0
Dodging        | 3 4 6 8 10 | 10.0
Spellcasting   | 4 6 9 10 12 | 12.0
Air Magic      | 5 6 9 10 11 13 14 | 14.1
Poison Magic   | 2 |  2.0
Evocations     | 4 6 8 |  8.0
Ice Magic      | 4 5 6 7 |  7.0
Armour         | 4 6 10 | 10.0
Shields        | 4 |  4.0
Stealth        | |  2.0

Action                   |  1- 3 |  4- 6 |  7- 9 | 10-12 | 13-15 || total
-------------------------+-------+-------+-------+-------+-------++-------
Melee: Dagger            |     3 |    12 |     3 |       |       ||    18
       Kick              |       |     6 |     3 |     2 |     2 ||    13
       Peck              |       |     4 |       |     4 |     1 ||     9
       Rapier            |       |       |     4 |       |       ||     4
       Whip              |       |       |       |     8 |       ||     8
       Staff             |       |       |       |     4 |    17 ||    21
 Cast: Magic Dart        |    80 |   121 |   119 |   174 |       ||   494
       Call Imp          |     5 |    33 |    63 |    37 |       ||   138
       Blink             |       |     2 |       |     4 |    15 ||    21
       Mephitic Cloud    |       |       |     6 |    11 |     7 ||    24
       Poisonous Vapours |       |       |    77 |   592 |    65 ||   734
       Summon Lightning  |       |       |       |    73 |    96 ||   169
       Apportation       |       |       |       |     1 |       ||     1
       Airstrike         |       |       |       |       |   591 ||   591
       Lightning Bolt    |       |       |       |       |    72 ||    72
       Freezing Cloud    |       |       |       |       |     3 ||     3
Invok: Call Merchant     |       |       |       |       |     2 ||     2
       Potion Petition   |       |       |       |       |     1 ||     1
Evoke: Wand              |       |    10 |     7 |     4 |       ||    21
  Use: Scroll            |     5 |     3 |     4 |    14 |     5 ||    31
       Potion            |       |     1 |       |     4 |     2 ||     7
 Stab: Distracted        |       |     1 |       |     1 |     1 ||     3
Armor: Robe              |     2 |     4 |     7 |    11 |       ||    24
       Leather armour    |       |       |       |     2 |    40 ||    42
       Ring mail         |       |       |       |       |    40 ||    40
       Scale mail        |       |       |       |       |    13 ||    13
Dodge: Dodged            |     8 |    33 |    60 |   127 |   186 ||   414
Block: Buckler           |       |       |       |       |    47 ||    47

Table legend: (Time is in decaauts)
 A = Elapsed time spent in this place.
 B = Non-inter-level travel time spent in this place.
 C = Inter-level travel time spent in this place.
 D = Time resting spent in this place.
 E = Time spent auto-exploring this place.
 F = Levels seen in this place.
 G = Mean time per level.
                   A        B        C        D        E       F      G
               +--------+--------+--------+--------+--------+-----+--------+
         Total |  38591 |  37164 |   1427 |   7991 |  22725 |  25 | 1543.6 |
       Dungeon |  19839 |  18988 |    851 |   4110 |  11687 |  12 | 1653.2 |
        Temple |    248 |    239 |      9 |      0 |    227 |   1 |  248.0 |
          Lair |  11480 |  11061 |    419 |   2267 |   7137 |   6 | 1913.3 |
        Shoals |   2165 |   2123 |     42 |    593 |   1182 |   2 | 1082.5 |
  Orcish Mines |   3333 |   3228 |    105 |    304 |   1991 |   2 | 1666.5 |
         Sewer |    633 |    633 |      0 |     90 |    432 |   1 |  633.0 |
       Volcano |    891 |    891 |      0 |    627 |     67 |   1 |  891.0 |
               +--------+--------+--------+--------+--------+-----+--------+

Top non-repeatable levels by time:
  Lair:4: 2502 daAuts
   Orc:2: 2434 daAuts
     D:9: 2315 daAuts
Shoals:1: 2137 daAuts
  Lair:5: 2041 daAuts
     D:2: 2015 daAuts
  Lair:6: 1922 daAuts
     D:5: 1896 daAuts
     D:3: 1871 daAuts
  Lair:1: 1851 daAuts
     D:8: 1782 daAuts
  Lair:2: 1737 daAuts
    D:10: 1646 daAuts
     D:4: 1487 daAuts
     D:6: 1457 daAuts
